 Dungeon Crawl Stone Soup version 0.25-a0-504-g768f60da87 (webtiles) character file.

Game seed: 5298040161637165475, levelgen mode: deterministic

1434 Emblim88 the Nimble (level 8, -6/42 HPs)
             Began as a Spriggan Monk on Feb 14, 2020.
             Was a Believer of the Shining One.
             Mangled by an orc warrior
             ... wielding a +0 trident
              (13 damage)
             ... on level 6 of the Dungeon.
             The game lasted 00:19:27 (9964 turns).

Emblim88 the Nimble (Spriggan Monk)                 Turns: 9964, Time: 00:19:28

Health: -6/42      AC:  3    Str:  7    XL:     8   Next: 45%
Magic:  11/11      EV: 27    Int: 12    God:    the Shining One [**....]
Gold:   422        SH:  0    Dex: 20    Spells: 7/7 levels left

rFire    . . .     SeeInvis +   i - +0 dagger
rCold    . . .     Gourm    .   (shield restricted)
rNeg     + . .     Faith    .   b - +1 robe
rPois    .         Spirit   .   (helmet restricted)
rElec    .         Reflect  .   y - scarf {cloud immunity}
rCorr    .         Harm     .   (gloves unavailable)
MR       +....                  (boots unavailable)
Stlth    +.........             k - amulet of rage
HPRegen  0.14/turn              (no ring)
MPRegen  0.12/turn              (no ring)

@: glowing, studying Short Blades, very quick
A: very small, unfitting armour, see invisible, herbivore, speed 3, slow
metabolism 2
a: Divine Shield, Renounce Religion, Evoke Berserk Rage


You were on level 6 of the Dungeon.
You worshipped the Shining One.
The Shining One was pleased with you.
You were very hungry.

You visited 2 branches of the dungeon, and saw 7 of its levels.

You collected 422 gold pieces.

Inventory:

Hand Weapons
 a - a +0 falchion
 i - a +0 dagger (weapon)
 r - a +0 rapier
Missiles
 m - 196 stones
 n - 11 poisoned darts (quivered)
 p - 4 boomerangs
 z - 6 atropa-tipped darts
 A - 2 curare-tipped darts
Armour
 b - a +1 robe (worn)
 y - a scarf of cloud immunity (worn)
Jewellery
 k - an amulet of rage (around neck)
Wands
 w - a wand of enslavement (2)
 x - a wand of flame (17)
Scrolls
 d - 2 scrolls of fog
 e - a scroll of enchant weapon {unknown}
 f - 3 scrolls of enchant armour
 h - a scroll of random uselessness {unknown}
 j - a scroll of immolation {unknown}
 l - a scroll of noise {unknown}
 o - 3 scrolls of remove curse
 t - a scroll of blinking
 v - a scroll of vulnerability {unknown}
Potions
 g - a potion of curing
 q - 2 potions of brilliance {unknown}
 s - a potion of magic
Books
 u - a manual of Short Blades
Comestibles
 c - 6 rations


   Skills:
 + Level 4.4 Fighting
 + Level 2.3(4.4) Short Blades
 + Level 4.4(4.6) Long Blades
 + Level 1.5 Throwing
 * Level 10.1 Dodging
 - Level 3.0 Stealth
 - Level 2.4 Unarmed Combat
 + Level 3.7 Evocations


You had 7 spell levels left.
You didn't know any spells.
Your spell library was empty.

Dungeon Overview and Level Annotations

Branches:
Dungeon (6/15)             Temple (1/1) D:6

Altars:
Ashenzari
Cheibriados
Dithmenos
Fedhas
Gozag
Hepliaklqana
Kikubaaqudgha
Makhleb
Nemelex Xobeh
Okawaru
Qazlal
Ru
Sif Muna
Trog
Uskayaw
Vehumet
Wu Jian
Xom
Yredelemnul
Zin
The Shining One

Annotations:
D:6 2 transporters, BeastOfSaturn's ghost, novice DsVM


Innate Abilities, Weirdness & Mutations

You are very small and have problems with some larger weapons.
You are too small for most types of armour.
You have supernaturally acute eyesight. (SInv)
You are a herbivore.
You cover ground extremely quickly.
You need to consume almost no food.


Message History

You barely miss the orc warrior.
The orc warrior is almost dead.
The orc warrior hits you with a +0 trident.
You hit the orc warrior but do no damage.
The orc warrior is almost dead.
The orc warrior completely misses you.
You hit the orc warrior but do no damage.
The orc warrior is almost dead.
The orc warrior hits you with a +0 trident!
* * * LOW HITPOINT WARNING * * *
You completely miss the orc warrior.
The orc warrior is almost dead.
You hit the orc warrior but do no damage.
The orc warrior is almost dead.
The orc warrior misses you.
You hit the orc warrior but do no damage.
You punch the orc warrior, but do no damage.
The orc warrior is almost dead.
The orc warrior hits you with a +0 trident!
You die...

.#####...((.....((#
((....o)..###o....#
...#...#..##..##.##
.#.....#.....###.#
...#.#.#....## #.#
.......#..### #.#
.......#..# #(#
..........# ##o#####
#......#### ##.@....##
######## ##........##
### #......[...# ..#
#..........# #.#
#..........# #.####
#..........#
.....########......._..#
......................##
.##.....#####..........#


You could see an orc warrior.

Vanquished Creatures
  Eustachio (D:5)
  2 sky beasts
  2 ogres (D:5)
  A centaur (D:4)
  Blork the orc (D:5)
  2 bullfrogs (D:6)
  2 crimson imps
  A hound (D:5)
  A quasit (D:6)
  3 orc priests
  3 orc wizards
  An iguana (D:5)
  Ijyb (D:4)
  4 worker ants
  11 adders
  3 worms
  2 dart slugs
  A leopard gecko (D:2)
  12 orcs
  4 bats
  8 giant cockroaches
  2 gnoll zombies (D:4)
  12 goblins
  5 hobgoblins
  13 jackals
  7 kobolds
  4 quokkas
  A ball python (D:1)
  4 frilled lizards
  7 rats
121 creatures vanquished.

Notes
Turn   | Place    | Note
-------+----------+-------------------------------------------
     0 | D:1      | Emblim88 the Spriggan Monk began the quest for the Orb.
     0 | D:1      | Reached XP level 1. HP: 11/11 MP: 2/2
   241 | D:1      | Reached XP level 2. HP: 16/16 MP: 3/3
   289 | D:1      | Reached skill level 5 in Dodging
  1184 | D:2      | Reached XP level 3. HP: 15/19 MP: 4/4
  1574 | D:2      | Reached skill level 6 in Dodging
  1574 | D:2      | Reached XP level 4. HP: 21/23 MP: 5/5
  2927 | D:3      | Reached XP level 5. HP: 22/28 MP: 6/6
  3033 | D:3      | Reached skill level 7 in Dodging
  3668 | D:3      | HP: 1/28 [orc wizard/magic dart (5)]
  3691 | D:3      | Reached skill level 1 in Unarmed Combat
  3691 | D:3      | Reached XP level 6. HP: 14/32 MP: 7/7
  4881 | D:4      | Found a basalt altar of Yredelemnul.
  5569 | D:4      | Noticed Ijyb
  5587 | D:4      | Killed Ijyb
  5587 | D:4      | Reached skill level 8 in Dodging
  5789 | D:5      | Entered Level 5 of the Dungeon
  5959 | D:5      | Found a hide-covered altar of Uskayaw.
  5959 | D:5      | Found a blossoming altar of Fedhas.
  6191 | D:5      | Noticed a sky beast
  6237 | D:5      | Killed a sky beast
  6237 | D:5      | Reached skill level 1 in Evocations
  6237 | D:5      | Reached XP level 7. HP: 37/37 MP: 8/8
  6566 | D:5      | Found a sacrificial altar of Ru.
  6821 | D:5      | Noticed Eustachio
  6843 | D:5      | Noticed Blork the orc
  6874 | D:5      | Killed Blork the orc
  6971 | D:5      | Reached skill level 9 in Dodging
  7208 | D:5      | Killed Eustachio
  7512 | D:6      | Found a snail-covered altar of Cheibriados.
  7535 | D:5      | Reached XP level 8. HP: 42/42 MP: 9/11
  7581 | D:6      | Found a staircase to the Ecumenical Temple.
  7591 | Temple   | Entered the Ecumenical Temple
  7799 | Temple   | Became a worshipper of the Shining One
  7799 | Temple   | Reached * piety under the Shining One
  7799 | Temple   | Reached ** piety under the Shining One
  7952 | D:6      | Reached skill level 1 in Short Blades
  8368 | D:6      | Noticed BeastOfSaturn's ghost (novice DsVM)
  8369 | D:6      | Found a transporter.
  8536 | D:6      | Reached skill level 1 in Throwing
  8639 | D:6      | Found a bloodstained altar of Trog.
  8639 | D:6      | Found an iron altar of Okawaru.
  8639 | D:6      | Found a glowing silver altar of Zin.
  8639 | D:6      | Found a burning altar of Makhleb.
  8639 | D:6      | Found a hazy altar of Hepliaklqana.
  8640 | D:6      | Found a sparkling altar of Nemelex Xobeh.
  8669 | D:6      | Found a transporter.
  8809 | D:5      | Reached skill level 10 in Dodging
  9964 | D:6      | Mangled by an orc warrior

Levels and vault maps discovered:
D:1:      wander_arrival_chamber, layout_loops_corners
D:2:      layout_loops_ring, minmay_heptomino_d4
D:3:      layout_basic, hex_tiny
D:4:      layout_loops_ring, lemuel_zombie_altar_yredelemnul, first_ration,
          minmay_manual_mail, uniq_ijyb
D:5:      layout_basic, gammafunk_temple_overflow_claw, uniq_eustachio,
          uniq_blork_the_orc
D:6:      layout_rooms, grunt_temple_overflow_open, cheibriados_altar_1,
          minmay_temple_entry_crystal_x, gammafunk_ghost_arena, st_stairs_3,
          abandoned_shop, hangedman_decor_lopped, dk_rats_in_the_wall
Temple:   jpeg_temple_alley_garden

Skill      XL: |  1  2  3  4  5  6  7  8 |
---------------+-------------------------+-----
Dodging        | 5 6 7 8 9 10 | 10.1
Long Blades    | 3 4 |  4.4
Fighting       | 3 4 |  4.4
Unarmed Combat | 1 2 |  2.4
Evocations     | 1 2 3 |  3.7
Short Blades   | 2 |  2.3
Throwing       | 1 |  1.5
Stealth        | |  3.0

Action                   |  1- 3 |  4- 6 |  7- 9 || total
-------------------------+-------+-------+-------++-------
Melee: Falchion          |    90 |   352 |   170 ||   612
       Punch             |       |     2 |     9 ||    11
       Dagger            |       |     1 |   335 ||   336
Throw: Stone             |       |     1 |     9 ||    10
       Dart              |       |    31 |   106 ||   137
  Use: Potion            |     2 |     2 |     4 ||     8
       Scroll            |       |     2 |     3 ||     5
 Stab: Sleeping          |     7 |     9 |     1 ||    17
       Distracted        |       |     2 |       ||     2
  Eat: Ration            |       |     1 |     3 ||     4
Armor: Robe              |     5 |    15 |    15 ||    35
       Skin              |       |       |    20 ||    20
Dodge: Dodged            |   102 |   362 |   383 ||   847
       Rpst.: Falchion   |    31 |    96 |    58 ||   185

Table legend:
 A = Non-vault XP
 B = Vault XP
 C = Vault XP percentage of total XP
 D = Non-vault monster count
 E = Vault monster count
 F = Vault count percentage of total count
                 A         B        C        D         E       F
            +---------+---------+-------+---------+---------+-------
      Total |    1589 |     460 |  22.4 |     109 |      12 |   9.9
            +---------+---------+-------+---------+---------+-------
        D:1 |      38 |       0 |   0.0 |      20 |       0 |   0.0
        D:2 |     136 |       7 |   4.9 |      35 |       3 |   7.9
        D:3 |     224 |       0 |   0.0 |      31 |       0 |   0.0
        D:4 |     157 |      54 |  25.6 |       6 |       5 |  45.5
        D:5 |     569 |     304 |  34.8 |       8 |       2 |  20.0
        D:6 |     465 |      95 |  17.0 |       9 |       2 |  18.2
            +---------+---------+-------+---------+---------+-------
